General information
			
			
        
        - name: grudge
 
        - type: Ladder 1vs1/FFA
 
        - host: TIMG4STRok
 
        - saver: TIMG4STRok
 
        
map: aps\Download\NGL-S08-SV 
        - players: 2
 
        - length: 10:28
 
        - speed: Fast
 - version: 1.22 W3XP
 - replay type:  

 
» download(49 KB)
Players
        team 1 (winner) 
              
              
» 
TIMG4STRok (
gray | 142 APM | 1483 actions | 10:28)
              
 3 Warden 
 2 Shadow Strike
 1 Blink
 2 Pandaren Brewmaster 
 1 Breath of Fire
 1 Drunken Brawler
 
                » actions 
                
                | Assign group hotkey | 19 |  | 
| Basic commands | 42 |  | 
| Build / train | 40 |  | 
| Enter build submenu | 12 |  | 
| Enter hero's abilities submenu | 5 |  | 
| Right click | 742 |  | 
| Select / deselect | 146 |  | 
| Select group hotkey | 412 |  | 
| Use ability | 65 |  | 
                1483 total
 » units 
                » upgrades
                » buildings
                
                | Altar of Elders | 1 |  | 
| Moon Well | 4 |  | 
| Ancient of War | 2 |  | 
| Tree of Ages | 1 |  | 
| Hunter's Hall | 1 |  | 
| Ancient of Wonders | 1 |  | 
| Ancient of Lore | 2 |  | 
                12 total
 » build order
                00:07 Altar of Elders
00:20 Moon Well
00:42 Ancient of War
01:28 Moon Well
02:44 Tree of Ages
03:08 Moon Well
03:50 Ancient of War
05:01 Hunter's Hall
05:15 Ancient of Wonders
05:57 Moon Well
07:55 Ancient of Lore
08:05 Ancient of Lore
» items
                
                | Boots of Speed | 1 |  | 
| Moonstone | 1 |  | 
| Lesser Clarity Potion | 1 |  | 
| Scroll of Town Portal | 1 |  | 
| Staff of Preservation | 1 |  | 
| Potion of Healing | 2 |  | 
| Potion of Mana | 1 |  | 
                8 total
  
               team 2 (loser) 
              
              
» 
Mata. (
green | 174 APM | 1824 actions | 10:27)
              
 1 Archmage 
 1 Summon Water Elemental
 1 Mountain King 
 1 Storm Bolt
 
                » actions 
                
                | Assign group hotkey | 244 |  | 
| Basic commands | 12 |  | 
| Build / train | 61 |  | 
| Enter build submenu | 22 |  | 
| Enter hero's abilities submenu | 3 |  | 
| Remove unit from queue | 4 |  | 
| Right click | 794 |  | 
| Select / deselect | 455 |  | 
| Select group hotkey | 171 |  | 
| Use ability | 58 |  | 
                1824 total
 » units 
                
                | Peasant | 10 |  | 
| Footman | 13 |  | 
| Sorceress | 5 |  | 
| Priest | 2 |  | 
                30 total
 » upgrades
                » buildings
                
                | Altar of Kings | 1 |  | 
| Farm | 5 |  | 
| Barracks | 1 |  | 
| Keep | 2 |  | 
| Lumber Mill | 1 |  | 
| Scout Tower | 10 |  | 
| Arcane Tower | 8 |  | 
| Castle | 2 |  | 
| Arcane Sanctum | 2 |  | 
| Guard Tower | 6 |  | 
                38 total
 » build order
                00:06 Altar of Kings
00:18 Farm
00:41 Barracks
01:00 Farm
02:18 Keep
02:18 Keep
03:09 Lumber Mill
03:41 Farm
03:42 Farm
03:57 Scout Tower
04:13 Arcane Tower
04:13 Arcane Tower
04:14 Scout Tower
04:14 Scout Tower
04:15 Scout Tower
04:54 Castle
04:55 Castle
04:59 Arcane Sanctum
05:00 Arcane Sanctum
08:29 Farm
09:26 Scout Tower
09:26 Scout Tower
09:27 Scout Tower
09:28 Scout Tower
09:29 Scout Tower
09:49 Arcane Tower
09:50 Arcane Tower
09:50 Scout Tower
09:55 Guard Tower
09:55 Guard Tower
09:58 Guard Tower
09:58 Guard Tower
09:58 Guard Tower
 
                Chat log
          (00:13 / All) Mata.: gl and hf
(00:17 / All) TIMG4STRok: g l and h f
(01:07 / All) TIMG4STRok: youd fig pro gamers would pick ran
(01:13 / All) Mata.: yeah i dono
(01:19 / All) TIMG4STRok: huge advantage i think
(01:27 / All) Mata.: sometimes
(01:42 / All) TIMG4STRok: i think i sharted.
(03:47 / All) Mata.: you know this part
(10:26 / All) Mata.: welp